AoeStats
← Obuk

MegaRandom

509451406Analyzed
4v4 RM · 5d ago on Sep 26, 2026· 67m 29s· 8 players
Game mode
Random Map
Map size
Large (8 player)
Population
200
Speed
Normal
Resources
Standard
Victory
Conquest
Starting age
Dark Age
Ending age
Imperial Age
RankedLock teamsTeams togetherTeam positionsShared explorationLock speedFull tech treeHidden civsTurbo modeCheats
Victory
Defeat
🇪🇸 Bulgarians · Spain
1692
+12
🇦🇹 Dravidians · Austria
1674
+13
🇩🇪 Teutons · Germany
1631
+14
🇩🇪 Saracens · Germany
1625
+14
🇧🇷 Burmese · Brazil
1706
-17
1670
-16
🇹🇷 Tupi · Türkiye
1561
-12
🇪🇸 Celts · Spain
1446
-8
MacesB
5:00 Loom
11:28 Feudal Age
17:21 Castle Age
16:35 Double-Bit Axe
18:15 Medium Warships
19:50 Horse Collar
21:39 Town Watch
25:36 Wheelbarrow
29:31 Hand Cart
29:28 Pikeman
30:20 Fletching
30:36 Padded Archer Armor
34:52 Imperial Age
32:19 Bodkin Arrow
32:46 Ballistics
33:34 Leather Archer Armor
33:23 Elite Skirmisher
34:55 Scale Barding Armor
35:47 Bracer
36:31 Thumb Ring
36:58 Ring Archer Armor
39:39 Chemistry
41:49 Conscription
43:42 Bow Saw
43:35 Heavy Plow
47:42 Caravan
61:30 Elite Elephant Archer
(PNG)Ludovicum95
8:42 Loom
11:08 Feudal Age
11:50 Double-Bit Axe
12:20 Gold Mining
15:46 Horse Collar
16:40 Forging
18:57 Town Watch
22:44 Castle Age
21:35 Fishing Lines
23:47 Scale Mail Armor
24:27 Iron Casting
24:38 Bow Saw
25:10 Medium Warships
24:56 Pikeman
31:27 Heavy Plow
36:15 Wheelbarrow
39:36 Imperial Age
39:02 Stirrups
39:19 Bloodlines
38:29 Light Cavalry
39:10 Husbandry
39:17 Scale Barding Armor
40:40 Chain Barding Armor
41:57 Plate Barding Armor
41:53 Hussar
43:41 Blast Furnace
43:09 Conscription
44:36 Gambesons
44:53 Squires
45:10 Chain Mail Armor
46:04 Plate Mail Armor
46:53 Caravan
47:59 Capped Ram
50:04 Fletching
52:59 Bodkin Arrow
53:29 Ballistics
54:51 Chemistry
57:56 Crop Rotation
59:01 Bagains
60:30 Bracer
60:05 Elite Konnik
62:18 Halberdier
64:30 Arson
65:34 Siege Ram
Obuk
6:36 Loom
12:05 Feudal Age
12:36 Fishing Lines
12:47 Town Watch
13:13 Double-Bit Axe
16:27 Fletching
18:56 Castle Age
19:44 Gillnets
20:35 Bow Saw
22:06 Gold Mining
24:47 Bloodlines
24:37 Husbandry
26:00 Scale Barding Armor
28:11 Forging
28:49 Stone Mining
29:35 Gold Shaft Mining
30:23 Bloodlines
32:46 Imperial Age
32:39 Wheelbarrow
33:05 Chain Barding Armor
33:01 Bloodlines
34:04 Plate Barding Armor
35:21 Elite Mameluke
38:10 Iron Casting
38:56 Padded Archer Armor
39:52 Bodkin Arrow
41:02 Blast Furnace
39:41 Light Cavalry
41:37 Conscription
41:44 Hand Cart
41:45 Clinker Construction
41:37 Caravan
46:14 Carvel Hull
48:28 Two-Man Saw
48:58 Coinage
50:49 Chemistry
49:46 Bodkin Arrow
50:12 Ballistics
51:49 Banking
52:46 Counterweights
53:46 Siege Engineers
53:51 Capped Ram
55:01 Bracer
55:14 Masonry
66:44 Elite Cannon Galleon
number5
5:15 Loom
12:05 Feudal Age
16:40 Fletching
24:33 Town Watch
26:58 Double-Bit Axe
28:06 Horse Collar
29:25 Fishing Lines
32:20 Castle Age
36:40 Stone Mining
36:42 Gold Mining
37:03 Bow Saw
39:48 Padded Archer Armor
41:22 Elite Skirmisher
43:00 Bodkin Arrow
44:54 Scale Mail Armor
47:56 Imperial Age
47:02 Leather Archer Armor
48:58 Ballistics
48:26 Pikeman
50:53 Halberdier
52:23 Wheelbarrow
52:01 Caravan
53:07 Squires
53:40 Ring Archer Armor
54:12 Chemistry
54:22 Forging
56:33 Chain Mail Armor
58:48 Plate Mail Armor
59:42 Conscription
60:25 Masonry
61:41 Arson
62:36 Iron Casting
63:01 Crenellations
62:22 Crossbowman
64:04 Blast Furnace
65:07 Hoardings
66:44 Heavy Plow
Sung Jinwoo
4:17 Loom
11:40 Feudal Age
26:34 Castle Age
29:08 Horse Collar
38:11 Heavy Plow
38:47 Wheelbarrow
38:04 Gold Mining
38:05 Stone Mining
38:05 Town Watch
39:59 Gold Shaft Mining
41:25 Hand Cart
47:28 Imperial Age
45:11 Forging
45:08 Scale Barding Armor
46:49 Husbandry
47:00 Bloodlines
46:12 Light Cavalry
47:42 Chain Barding Armor
47:58 Iron Casting
47:39 Hussar
48:58 Plate Barding Armor
50:53 Fletching
51:26 Ballistics
52:13 Caravan
56:16 Iron Casting
59:47 Elite Skirmisher
60:54 Bodkin Arrow
61:01 Padded Archer Armor
61:36 Bracer
63:29 Chemistry
63:47 Elite Battle Elephant
Pelopincho
3:56 Loom
12:21 Feudal Age
16:04 Castle Age
14:19 Double-Bit Axe
16:14 Wheelbarrow
15:25 Horse Collar
17:17 Bow Saw
19:26 Scale Barding Armor
19:36 Forging
22:08 Hand Cart
23:20 Husbandry
24:40 Scale Barding Armor
25:16 Heavy Plow
26:29 Chain Barding Armor
26:26 Town Watch
26:38 Pikeman
27:19 Scale Mail Armor
27:40 Gold Mining
27:51 Stone Mining
29:01 Chain Mail Armor
30:57 Iron Casting
32:53 Gold Shaft Mining
32:55 Stone Shaft Mining
34:00 Fletching
37:24 Imperial Age
40:02 Capped Ram
41:10 Masonry
41:02 Murder Holes
40:31 Man-at-Arms
40:37 Halberdier
41:03 Arson
41:04 Gambesons
42:46 Caravan
45:01 Siege Ram
47:52 Hoardings
48:29 Plate Mail Armor
51:20 Blast Furnace
52:05 Man-at-Arms
53:03 Long Swordsman
53:56 Two-Handed Swordsman
55:43 Coinage
54:55 Champion
58:13 Banking
0_TactX
7:52 Loom
11:16 Feudal Age
11:47 Double-Bit Axe
14:00 Horse Collar
19:30 Town Watch
22:19 Castle Age
21:04 Wheelbarrow
20:23 Fletching
20:35 Padded Archer Armor
23:19 Bow Saw
23:09 Heavy Plow
27:08 Hand Cart
29:11 Stone Mining
29:12 Gold Mining
35:54 Imperial Age
33:42 Bodkin Arrow
34:53 Ballistics
35:34 Gold Shaft Mining
35:33 Leather Archer Armor
36:36 Bracer
37:38 Chemistry
37:01 Curare
37:03 Elite Blackwood Archer
38:05 Conscription
38:37 Ring Archer Armor
38:56 Hoardings
38:49 Treadmill Crane
40:06 Capped Ram
41:52 Siege Ram
44:26 Onager
51:14 Caravan
55:01 Squires
54:46 Arson
57:03 Scale Mail Armor
57:14 Forging
58:15 Chain Mail Armor
59:23 Pikeman
62:29 Plate Mail Armor
62:35 Iron Casting
62:47 Halberdier
Kamáximo Décimo Meridio
4:15 Loom
12:50 Feudal Age
13:33 Town Watch
18:14 Castle Age
16:01 Double-Bit Axe
16:29 Horse Collar
17:27 Fishing Lines
20:41 Bow Saw
21:42 Fletching
22:51 Bodkin Arrow
25:19 Padded Archer Armor
25:55 Ballistics
28:49 Wheelbarrow
29:31 Fortified Wall
31:30 Hand Cart
32:18 Heavy Plow
32:08 Gold Mining
37:03 Imperial Age
35:13 Masonry
36:09 Scale Barding Armor
35:52 Light Cavalry
37:17 Bloodlines
38:20 Chain Barding Armor
40:59 Plate Barding Armor
41:08 Murder Holes
48:30 Town Patrol
54:25 Husbandry
54:25 Stone Mining
55:36 Two-Man Saw
55:33 Forging
55:51 Caravan
58:41 Iron Casting
57:31 Hussar
59:28 Iron Casting
59:27 Bracer
60:03 Silk Road
60:04 Conscription
61:39 Blast Furnace
62:39 Two-Man Saw
62:13 Crop Rotation
62:55 Coinage
64:19 Two-Man Saw
64:41 Banking
63:41 Cavalier
64:44 Medium Warships
65:09 Clinker Construction
66:01 Chemistry
65:15 Careening
65:29 Shipwright
66:10 Heavy Warships
67:02 Carvel Hull
66:31 Treadmill Crane
67:22 Architecture
67:14 Elite Genoese Crossbowman
Connection lost

Rejoining the realm…

Still unreachable

The connection could not be restored.

Session expired

The server has moved on; the page needs a fresh start.